 Dungeon Crawl Stone Soup version 0.17.0 (webtiles) character file.

328 Eucla the Twirler (level 6, 0/53 HPs)
             Began as a Minotaur Gladiator on Nov 13, 2015.
             Was an Initiate of Okawaru.
             Slain by a gnoll
             ... wielding a +0 halberd
              (10 damage)
             ... on level 4 of the Dungeon.
             The game lasted 00:04:33 (2547 turns).

Eucla the Twirler (Minotaur Gladiator)              Turns: 2547, Time: 00:04:33

Health: 0/53       AC:  5    Str: 25    XL:     6   Next: 25%
Magic:  5/5        EV: 13    Int:  5    God:    Okawaru [......]
Gold:   216        SH:  0    Dex: 12    Spells: 0 memorised, 5 levels left

rFire  . . .     SeeInvis .     a - +0 quarterstaff
rCold  + + .     Clarity  .     h - +0 ring mail {rC+}
rNeg   . . .     SustAt   .     (shield currently unavailable)
rPois  .         Gourm    .     c - +0 hat
rElec  .         Spirit   .     (no cloak)
rCorr  .         Warding  .     (no gloves)
rMut   .         Rnd*Tele +     (no boots)
MR     .....                    (no amulet)
Stlth  +.........               (no ring)
                                (no ring)

@: mighty, not resistant to hostile enchantments, very unstealthy
A: retaliatory headbutt, horns 2, cold resistance 1, teleportitis 1, subdued
magic 1
a: Renounce Religion


You were on level 4 of the Dungeon.
You worshipped Okawaru.
Okawaru was noncommittal.
You were not hungry.

You visited 1 branch of the dungeon, and saw 4 of its levels.

You collected 216 gold pieces.

Inventory:

Hand Weapons
 a - a +0 quarterstaff (weapon)
Missiles
 d - 3 throwing nets (quivered)
Armour
 b - a +0 leather armour
 c - a +0 hat (worn)
 h - a +0 ring mail of cold resistance (worn)
Jewellery
 s - a cursed amulet of inaccuracy {unknown}
Scrolls
 g - 6 scrolls of identify {unknown}
 k - 5 scrolls of remove curse {unknown}
 m - 3 scrolls of teleportation {unknown}
 r - a scroll of recharging {unknown}
Potions
 i - a potion of mutation
 j - a potion of might
 l - a potion of curing {unknown}
 n - a potion of cancellation {unknown}
 o - 2 potions of degeneration {unknown}
 p - a potion of poison {unknown}
Comestibles
 e - 6 bread rations
 f - 2 meat rations
 q - a beef jerky


   Skills:
 + Level 4.7 Fighting
 + Level 5.0 Staves
 - Level 2.0 Throwing
 + Level 3.4 Armour
 + Level 4.7 Dodging


You had 5 spell levels left.
You didn't know any spells.

Dungeon Overview and Level Annotations

Branches:
Dungeon (4/15)
 Temple: D:4-7

Altars:
Okawaru
Trog


Innate Abilities, Weirdness & Mutations

You reflexively headbutt those who attack you in melee.
You have a pair of horns on your head.
Your flesh is cold resistant.
You are occasionally teleported to nearby monsters.
Your spells are a little easier to cast, but a little less powerful.


Message History

You feel weirdly uncertain.
The gnoll hits you but does no damage. x2
An adder comes into view.
Found 3 scrolls labeled VAWEYG GORIH.
Okay, then.
Drink which item? (? for menu, Esc to quit)
It was a potion of might.
You feel very mighty all of a sudden.
A gnoll opens the door.
The gnoll misses you. The gnoll barely misses you. You furiously retaliate!
You headbutt the gnoll.
You kill the gnoll!
Okawaru accepts your kill. The adder closely misses you. The adder misses you.
Unknown command.
You hit the adder.
The adder is lightly wounded.
The gnoll misses you. The adder closely misses you.
Unknown command.
The gnoll hits you with a halberd!
You die...

##.#.#.#.#.#.#.#. #.##
###.#.#.#.#.#.#.#.# .#.
..#.#.#.#.#.#.#.#. ...
#..#.#.#g#.#.#.#.# ##..
#.#.#.#g#.#.#.#.#. ...#
..#.#.#.#.#.#.#.# +#+##..
#.#.#.#.#.#.#.#.
.......##g#g#.#.#.#.#.#.#
......S.@g...#.#.#.#.#.#.
..?.........#.########.##
............#...# ###...
............###.# #....#
............# #.# #.##.#
#######.....# #.####....#
#.....# #..........
###################
#..........#.


You could see 3 gnolls and an adder.

Vanquished Creatures
  An orc priest (D:4)
  3 orc wizards (D:3)
  A gnoll shaman (D:4)
  Robin (D:2)
  4 adders
  3 gnolls
  5 worms
  4 giant geckos
  11 orcs
  5 bats
  3 giant cockroaches
  10 hobgoblins
  10 jackals (D:2)
  3 kobolds (D:2)
  2 quokkas (D:2)
  A giant newt (D:1)
  12 goblins
  A quokka skeleton (D:3)
  5 rats
85 creatures vanquished.

Notes
Turn   | Place    | Note
--------------------------------------------------------------
     0 | D:1      | Eucla the Minotaur Gladiator began the quest for the Orb.
     0 | D:1      | Reached XP level 1. HP: 18/18 MP: 0/0
   121 | D:1      | Reached XP level 2. HP: 18/25 MP: 1/1
   202 | D:1      | Reached skill level 1 in Armour
   613 | D:2      | Noticed Robin
   615 | D:2      | Reached skill level 4 in Staves
   615 | D:2      | Reached XP level 3. HP: 31/31 MP: 2/2
   627 | D:2      | Killed Robin
   972 | D:2      | Reached XP level 4. HP: 28/39 MP: 3/3
  1129 | D:2      | Found a bloodstained altar of Trog.
  1211 | D:2      | Found an iron altar of Okawaru.
  1245 | D:2      | Became a worshipper of Warmaster Okawaru
  1490 | D:3      | Found a faded altar to an unknown god.
  1664 | D:3      | Reached XP level 5. HP: 33/46 MP: 4/4
  2359 | D:4      | Reached XP level 6. HP: 39/53 MP: 5/5
  2367 | D:4      | Reached skill level 5 in Staves
  2541 | D:4      | Gained mutation: Your flesh is cold resistant. [potion of mutation]
  2541 | D:4      | Gained mutation: Your spells are a little easier to cast, but a little less powerful. [potion of mutation]
  2541 | D:4      | Gained mutation: You are occasionally teleported to nearby monsters. [potion of mutation]
  2547 | D:4      | Slain by a gnoll

Action                   |  1- 3 |  4- 6 || total
-------------------------+-------+-------++-------
Melee: Quarterstaff      |    79 |   128 ||   207
  Use: Potion            |       |     2 ||     2
  Eat: Chunk             |       |     5 ||     5
